 Dungeon Crawl Stone Soup version 0.30-a0-1114-gd936c97349 (webtiles) character file.

Game seed: 9933921554053761832

1797870 greynaab the Warrior (level 27, 181/181 HPs)
             Began as a Gargoyle Gladiator on Apr 20, 2023.
             Was a High Priest of Okawaru.
             Escaped with the Orb
             ... and 3 runes!
             The game lasted 02:56:29 (58579 turns).

greynaab the Warrior (Gargoyle Gladiator)          Turns: 58579, Time: 02:56:30

Health: 181/181    AC: 59    Str: 46      XL:     27
Magic:  46/46      EV: 14    Int:  7 (10) God:    Okawaru [*****.]
Gold:   3250       SH: 35    Dex: 11      Spells: 26/26 levels left

rFire   + + +      SeeInvis +    a - +5 broad axe (elec)
rCold   + + .      Faith    .    o - +10 tower shield of Ignorance {rN+ Int-4}
rNeg    + + .      Spirit   .    W - +2 gold dragon scales
rPois   ∞          Reflect  +    l - +3 hat of Pondering {ponderous, Will+ MP+10 Int+5}
rElec   +          Rampage  .    c - scarf of Undesirable Species {rC+ rF+, Regen+}
rCorr   +          Rnd*Tele +    s - +0 pair of fencer's gloves {Riposte Dex+3}
Will    ++++.                    t - +3 pair of boots of Autumn {Will+ Str+3} Stlth
                                 v - amulet of reflection
HPRegen 1.30/turn                D - ring "Dimam" {rCorr MP+9}
MPRegen 0.30/turn                U - ring "Riupoil" {AC+4 Str+8 SInv Stlth-}

@: flying, studying 4 skills, slow
A: sickness immunity, AC +20, big wings, negative energy resistance 1,
electricity resistance, torment resistance 1, petrification resistance, clumsy
1, fire resistance 1, low MP 1, strong 1, teleportitis 1, subdued magic 1
0: Orb of Zot
}: 3/15 runes: serpentine, barnacled, silver
a: Renounce Religion, Heroism, Finesse, Duel


You escaped.
You worshipped Okawaru.
Okawaru was extremely pleased with you.
You visited 8 branches of the dungeon, and saw 44 of its levels.
You visited the Abyss 1 time.
You visited 1 bazaar.
You also visited: Desolation.

You collected 6461 gold pieces.
You spent 3211 gold pieces at shops.

Inventory:

Hand Weapons
 a - a +5 broad axe of electrocution (weapon)
 b - a +7 vampiric broad axe
 w - a +1 heavy broad axe
Missiles
 d - 4 throwing nets
 q - 13 boomerangs of dispersal
 C - 11 silver javelins
 E - 35 boomerangs (quivered)
 Q - 5 curare-tipped darts
 Y - 28 javelins
Armour
 c - the scarf of Undesirable Species (worn) {rC+ rF+, Regen+}
   (Okawaru gifted it to you in the Desolation of Salt)

   Regen:     It increases your rate of health regeneration.
 h - the +22 crystal plate armour of Masochism {rPois rF+ rC-}
   (Okawaru gifted it to you on level 4 of the Snake Pit)

   rF:        It protects you from fire.
   rC:        It makes you vulnerable to cold.
   rPois:     It protects you from poison.
 l - the +3 hat of Pondering (worn) {ponderous, Will+ MP+10 Int+5}
   (You took it off Gastronok in the Arena)

   Int:       It affects your intelligence (+5).
   MP:        It affects your magic capacity (+10).
   Will:      It increases your willpower.
 o - the +10 tower shield of Ignorance (worn) {rN+ Int-4}
   (Okawaru gifted it to you on level 4 of the Realm of Zot)

   Int:       It affects your intelligence (-4).
   rN:        It protects you from negative energy.
 s - the +0 pair of fencer's gloves (worn) {Riposte Dex+3}
   (Okawaru gifted it to you on level 5 of the Vaults)

   Riposte:   It allows the wearer to riposte with melee weapons, swiftly
   retaliating against missed or blocked melee attacks.
   Dex:       It affects your dexterity (+3).
 t - the +3 pair of boots of Autumn (worn) {Will+ Str+3}
   (Okawaru gifted it to you on level 1 of the Depths)

   Str:       It affects your strength (+3).
   Will:      It increases your willpower.
 W - +2 gold dragon scales (worn)
Jewellery
 r - the ring "Bossesel" {rF+ MP+9 Str+5}
   (You bought it in a shop on level 1 of the Orcish Mines)

   [ring of protection from fire]

   Str:       It affects your strength (+5).
   rF:        It protects you from fire.
   MP:        It affects your magic capacity (+9).
 v - an amulet of reflection (around neck)
 D - the ring "Dimam" (left hand) {rCorr MP+9}
   (You found it on level 13 of the Dungeon)

   [ring of magical power]

   MP:        It affects your magic capacity (+9).
   rCorr:     It protects you from acid and corrosion.
 H - the ring "Baanaga" {EV+5 Dex+7}
   (You took it off a servant of whispers in the Desolation of Salt)

   [ring of evasion]

   EV:        It affects your evasion (+5).
   Dex:       It affects your dexterity (+7).
 M - the ring "Gaibruv" {rPois Will++ Str+2 Dex-5}
   (You took it off a yaktaur on level 13 of the Dungeon)

   [ring of poison resistance]

   Str:       It affects your strength (+2).
   Dex:       It affects your dexterity (-5).
   rPois:     It protects you from poison.
   Will:      It greatly increases your willpower.
 U - the ring "Riupoil" (right hand) {AC+4 Str+8 SInv Stlth-}
   (You found it on level 5 of the Vaults)

   [ring of protection]

   AC:        It affects your AC (+4).
   Str:       It affects your strength (+8).
   SInv:      It lets you see invisible.
   Stlth:     It makes you less stealthy.
Wands
 e - a wand of roots (15)
 j - a wand of digging (22)
 u - a wand of acid (11)
 J - a wand of paralysis (44)
 X - a wand of mindburst (9)
Scrolls
 g - 18 scrolls of teleportation
 i - 9 scrolls of fear
 n - 4 scrolls of silence
 x - 8 scrolls of blinking
 y - 4 scrolls of immolation
 B - 2 scrolls of torment
 G - a scroll of magic mapping
 O - 8 scrolls of poison
 S - a scroll of brand weapon
 T - 3 scrolls of fog
 V - 5 scrolls of vulnerability
Potions
 f - 13 potions of lignification
 k - 11 potions of attraction
 m - 4 potions of invisibility
 p - a potion of ambrosia
 z - 31 potions of curing
 F - 6 potions of resistance
 K - 4 potions of might
 L - a potion of brilliance
 N - 6 potions of mutation
 P - 6 potions of berserk rage
 R - 7 potions of haste
 Z - 5 potions of heal wounds
Miscellaneous
 A - a phial of floods


   Skills:
 + Level 20.8 Fighting
 - Level 17.5(18.0) Axes
 - Level 7.1(14.2) Maces & Flails
 - Level 17.0 Throwing
 + Level 19.8 Armour
 * Level 18.7 Dodging
 - Level 20.0 Shields
 - Level 10.6 Invocations
 - Level 10.0 Evocations


You had 26 spell levels left.
You didn't know any spells.
Your spell library contained the following spells:

 Spells                   Type           Power      Damage    Failure   Level
 Apportation              Tloc           0%         N/A       99%         1
 Beastly Appendage        Tmut           0%         N/A       99%         1
 Freeze                   Ice            0%         1d3       99%         1
 Necrotise                Necr           0%         1d4       99%         1
 Sandblast                Erth           0%         2d4       99%         1
 Shock                    Conj/Air       0%         1d3       99%         1
 Slow                     Hex            0%         N/A       99%         1
 Sting                    Tmut/Pois      0%         1d3       99%         1
 Blink                    Tloc           0%         N/A       100%        2
 Ensorcelled Hibernation  Hex/Ice        0%         N/A       100%        2
 Lesser Beckoning         Tloc           0%         N/A       100%        2
 Momentum Strike          Conj/Tloc      0%         3d8       100%        2
 Passwall                 Tmut/Erth      0%         N/A       100%        2
 Poisonous Vapours        Pois/Air       0%         N/A       100%        2
 Wereblood                Tmut           0%         N/A       100%        2
 Confusing Touch          Hex            0%         N/A       100%        3
 Frozen Ramparts          Ice            0%         1d1       100%        3
 Gell's Gravitas          Tloc           0%         N/A       100%        3
 Hailstorm                Conj/Ice       0%         3d3       100%        3
 Ignite Poison            Fire/Tmut/Pois 0%         N/A       100%        3
 Inner Flame              Hex/Fire       0%         N/A       100%        3
 Ozocubu's Armour         Ice            0%         N/A       100%        3
 Portal Projectile        Hex/Tloc       0%         N/A       100%        3
 Spider Form              Tmut/Pois      0%         N/A       100%        3
 Stone Arrow              Conj/Erth      0%         3d7       100%        3
 Swiftness                Air            0%         N/A       100%        3
 Teleport Other           Tloc           0%         N/A       100%        3
 Vampiric Draining        Necr           0%         2d6       100%        3
 Vhi's Electric Charge    Tloc/Air       0%         N/A       100%        3
 Volatile Blastmotes      Fire/Tloc      0%         2d10      100%        3
 Airstrike                Air            0%         2d(0-16)  100%        4
 Anguish                  Hex/Necr       0%         N/A       100%        4
 Cause Fear               Hex            0%         N/A       100%        4
 Dispel Undead            Necr           0%         3d6       100%        4
 Flame Wave               Conj/Fire      0%         2d4       100%        4
 Ice Form                 Ice/Tmut       0%         N/A       100%        4
 Leda's Liquefaction      Hex/Erth       0%         N/A       100%        4
 Manifold Assault         Tloc           0%         N/A       100%        4
 Olgreb's Toxic Radiance  Pois           0%         N/A       100%        4
 Passage of Golubria      Tloc           0%         N/A       100%        4
 Sticky Flame             Conj/Fire      0%         2d3       100%        4
 Agony                    Necr           0%         N/A       100%        5
 Alistair's Intoxication  Tmut/Pois      0%         N/A       100%        5
 Arcjolt                  Conj/Air       0%         1d10      100%        5
 Blade Hands              Tmut           0%         N/A       100%        5
 Borgnjor's Vile Clutch   Necr/Erth      0%         N/A       100%        5
 Fireball                 Conj/Fire      0%         3d3       100%        5
 Metabolic Englaciation   Hex/Ice        0%         N/A       100%        5
 Silence                  Hex/Air        0%         N/A       100%        5
 Yara's Violent Unravell  Hex/Tmut       0%         3d3       100%        5
 Conjure Ball Lightning   Conj/Air       0%         3x3d6     100%        6
 Dispersal                Tloc           0%         N/A       100%        6
 Eringya's Noxious Bog    Tmut/Pois      0%         N/A       100%        6
 Iron Shot                Conj/Erth      0%         9d1       100%        6
 Starburst                Conj/Fire      0%         6d3       100%        6
 Enfeeble                 Hex            0%         N/A       100%        7
 Ozocubu's Refrigeration  Ice            0%         4d7       100%        7
 Borgnjor's Revivificati  Necr           0%         N/A       100%        8
 Disjunction              Tloc           0%         N/A       100%        8
 Ignition                 Fire           0%         3d3       100%        8
 Lehudib's Crystal Spear  Conj/Erth      0%         10d2      100%        8
 Maxwell's Capacitive Co  Air            0%         ∞         100%        8
 Necromutation            Tmut/Necr      0%         N/A       100%        8
 Death's Door             Necr           0%         N/A       100%        9
 Fire Storm               Conj/Fire      0%         5d1       100%        9
 Cigotuvi's Dreadful Rot  Necr/Pois/Air  Unusable   N/A       N/A         2
 Sublimation of Blood     Necr           Unusable   N/A       N/A         2
 Call Canine Familiar     Summ           Unusable   N/A       N/A         3
 Tukima's Dance           Hex            Unusable   N/A       N/A         3
 Animate Armour           Summ/Erth      Unusable   N/A       N/A         4
 Animate Dead             Necr           Unusable   N/A       N/A         4
 Summon Lightning Spire   Summ/Air       Unusable   N/A       N/A         4
 Death Channel            Necr           Unusable   N/A       N/A         6
 Simulacrum               Ice/Necr       Unusable   N/A       N/A         6
 Statue Form              Tmut/Erth      Unusable   N/A       N/A         6
 Summon Hydra             Summ           Unusable   N/A       N/A         7
 Dragon's Call            Summ           Unusable   N/A       N/A         9

Dungeon Overview and Level Annotations

Branches:
Dungeon (15/15)            Temple (0/1) D:5            Lair (5/5) D:9
 Shoals (4/4) Lair:2        Snake (4/4) Lair:2        Slime (0/5) Lair:4
    Orc (2/2) D:12            Elf (0/3) Orc:2        Vaults (5/5) D:13
  Crypt (0/3) Vaults:2     Depths (4/4) D:15            Zot (5/5) Depths:4
Desolation (visited)

Altars:
Ashenzari
Cheibriados
Fedhas
Gozag
Kikubaaqudgha
Nemelex Xobeh
Okawaru
Ru
Uskayaw
Vehumet
Xom
Zin
The Shining One
Jiyva

Shops:
D:3 *   D:6 :   D:8 :   D:9 *   D:10 ([(*=   D:14 *?[   Orc:1 *   Orc:2 [=:!
Shoals:1 !   Shoals:4 *   Snake:1 ?[=[   Vaults:3 =   Vaults:5 :
Depths:3 =:=*

Portals:
Hell: Depths:1 Depths:2 Depths:3 Depths:4
Abyss: Depths:3
Pandemonium: Depths:1 Depths:2
Ziggurat: Depths:2
Trove: D:11 (give 2 scrolls of acquirement)

Annotations:
D:12 3 runed translucent doors, Tas Arev's ghost, journeyman DsEE
Lair:4 1 runed translucent door
Snake:3 1 runed translucent door, Saojabem's ghost, adept MiBe


Innate Abilities, Weirdness & Mutations

You are immune to sickness and miasma.
Your stone body is resilient. (AC +20)
You are immune to poison.
Your large and strong wings let you fly.
You resist negative energy. (rN+)
You are resistant to electric shocks. (rElec)
You are resistant to unholy torment.
You are immune to petrification.
You are clumsy. (Dex -2)
Your flesh is heat resistant. (rF+)
Your magical capacity is low. (-10% MP)
Your muscles are strong. (Str +4, Int/Dex -1)
You are occasionally teleported next to monsters.
Your spells are a little easier to cast, but a little less powerful.


Message History

Okawaru accepts your kill.
No target in view!
No target in view!
(D) Dungeon (T) Temple (L) Lair (A) Shoals (P) Snake Pit (M) Slime Pits (O) Orcish Mines (E) Elven Halls (V) Vaults (C) Crypt (U) Depths (H) Hell (Z) Zot
Where to? (Enter - D:1, ? - help)
What level of the Dungeon? (default 1, ? - help) Magic restored.
There is a stone staircase leading up here.
Your extra speed is starting to run out.
You fly upwards.
There is a stone staircase leading down here.
You feel like a meek peon again.
You feel yourself slow down.
Your hands slow down.
There is a stone staircase leading up here.
You fly upwards.
There is a stone staircase leading down here.
There is a stone staircase leading up here.
You fly upwards.
There is a stone staircase leading down here.
A neqoxec comes into view.
The neqoxec gestures at you.
You feel dopey. Something feeds on your intellect!
You feel a little less mighty now. The neqoxec gestures at you.
Strange energies course through your body.
You feel clumsy.
There is a staircase leading out of the dungeon here.
The neqoxec gestures at you.
Strange energies course through your body.
You feel weirdly uncertain. The neqoxec gestures at you.
Something tries to feed on your intellect!
You block the neqoxec's attack. You block the neqoxec's attack.
You have escaped!

..######..#...##>.....≈≈≈≈.......
### ##.....##.......≈≈≈....... #
#.....##.......≈≈≈....... ###
##....##.......≈≈≈≈...... ..###
#....##................. ....##
#....##.......≈≈≈≈...... .....##
#..#.##........≈≈≈......
......####.##.##.3......≈≈≈......
........##.#..##@.......≈≈≈≈.....
....#....#....###########≈≈≈#####
..............# #≈≈≈≈# #
..............# ##≈≈≈≈# #
###...........# ###≈≈≈ #
..............######## #####
#....................## #..
..###.............##..#########..
### ##..#..#.....................


You could see a neqoxec.

Vanquished Creatures
  4 dread liches
  7 ancient liches
  Mara (Arena)
  6 orbs of fire
  2 juggernauts (Depths:2)
  7 Killer Klowns
  Sojobo (Arena)
  2 caustic shrikes (Depths:2)
  Saint Roka (Depths:3)
  2 pandemonium lords
  3 curse toes
  9 golden dragons
  Nikola (Shoals:2)
  3 doom hounds (Zot:3)
  26 Orb Guardians
  4 electric golems
  11 liches
  17 tentacled monstrosities
  3 titans
  Grunn (Zot:4)
  Mlioglotl (Snake:2)
  4 quicksilver dragons
  A walking divine tome (Depths:2)
  6 sphinxes
  6 death cobs
  Asterion (Depths:1)
  Gastronok (Arena)
  2 krakens
  8 tengu reavers
  9 shadow dragons
  Donald (Vaults:2)
  A revenant (Vaults:2)
  13 storm dragons
  10 nagarajas
  Ilsuiw (Shoals:2)
  6 draconian monks
  5 draconian knights
  A balrug (D:9)
  A daeva (Abyss:3)
  Aizul (Shoals:3)
  An iron dragon (shapeshifter) (Vaults:5)
  4 draconian scorchers
  12 frost giants
  An iron dragon (Depths:3)
  2 ghost moths
  2 imperial myrmidons (Desolation)
  8 fire giants
  A curse skull (Vaults:2)
  3 spectral caustic shrikes (Depths:1)
  An orc warlord (Vaults:3)
  6 draconian annihilators
  8 stone giants
  3 war gargoyles
  12 vault wardens
  4 draconian stormcallers
  A spriggan defender (Depths:2)
  6 vampire knights
  7 green draconians
  7 ironbound thunderhulks
  37 very ugly things
  16 ironbound preservers
  15 dire elephants
  9 red draconians
  7 black draconians
  A deep elf annihilator (Vaults:5)
  4 spark wasps (Depths:2)
  26 white draconians
  18 yellow draconians
  9 ettins
  3 crystal guardians
  A blizzard demon (Zot:5)
  8 purple draconians
  9 merfolk javelineers
  17 yaktaur captains
  12 fire dragons
  3 entropy weavers
  2 great orbs of eyes
  13 servants of whispers (Desolation)
  A deep elf high priest (Vaults:5)
  14 merfolk impalers
  2 salamander tyrants
  4 ice dragons
  A hell beast (Zot:1)
  7 hydras
  Erolcha (Orc:2)
  8 ragged hierophants (Desolation)
  2 ogre magi (Orc:2)
  3 rakshasas
  2 spriggan air magi (Depths:3)
  30 vault guards
  9 peacekeepers
  Erica (D:10)
  8 merfolk avatars
  10 anacondas
  A death knight (D:13)
  7 centaur warriors
  5 ironbound frosthearts
  6 merfolk aquamancers (Shoals:4)
  5 two-headed ogres
  A satyr (Abyss:3)
  7 deep troll shamans
  11 boulder beetles
  12 death yaks (Lair:5)
  2 deep troll earth magi
  13 naga warriors
  15 naga sharpshooters
  An orc high priest (Orc:1)
  4 vampire magi
  A spriggan berserker (Depths:3)
  2 thrashing horrors (Abyss:3)
  A titan zombie (Abyss:3)
  5 tengu warriors
  3 sun demons
  Nergalle (Orc:2)
  A shock serpent (shapeshifter) (Vaults:5)
  2 soul eaters
  A hell knight (Depths:2)
  A skyshark (shapeshifter) (D:13)
  7 shock serpents
  7 salamander mystics
  A skeletal warrior (D:13)
  A wretched star (Abyss:3)
  4 skysharks
  2 iron trolls
  A glowing orange brain (shapeshifter) (D:15)
  A cherub (D:4)
  4 glowing orange brains
  46 deep trolls
  9 lindwurms
  8 naga ritualists
  12 sea snakes
  18 ironbound convokers
  An obsidian statue (Zot:5)
  8 orc knights
  13 phantasmal warriors
  14 harpies
  2 deep elf pyromancers
  11 necromancers
  9 orc sorcerers
  6 wizards
  16 mana vipers
  A stone giant zombie (Vaults:3)
  9 fauns
  35 ugly things
  A moth of wrath (shapeshifter) (Vaults:5)
  19 moths of wrath
  15 manticores
  A will-o-the-wisp (Abyss:3)
  11 cyclopes
  21 salamanders
  2 rust devils (D:10)
  36 elephants
  46 black mambas
  13 merfolk sirens
  9 water nymphs
  13 naga magi
  2 molten gargoyles (Lair:5)
  A stone giant skeleton (Vaults:3)
  23 vault sentinels
  A water nymph (shapeshifter) (Vaults:5)
  8 guardian serpents
  A guardian serpent (shapeshifter) (Depths:2)
  2 torpor snails
  A dire elephant skeleton (Abyss:3)
  4 gargoyles
  2 smoke demons
  A hellion (Zot:1)
  15 cane toads
  2 unseen horrors
  5 kobold demonologists
  4 rime drakes
  44 yaktaurs
  4 tengu conjurers
  2 ice devils (Depths:1)
  2 freezing wraiths (Vaults:5)
  A tormentor (Depths:1)
  11 komodo dragons
  A meliai (shapeshifter) (D:13)
  A queen bee (shapeshifter) (Vaults:5)
  10 trolls
  A hellwing (D:4)
  3 polar bears
  3 hornets
  3 wind drakes (Shoals:4)
  A tarantella (shapeshifter) (Vaults:2)
  A hornet (shapeshifter) (Vaults:5)
  A wind drake (shapeshifter) (Vaults:4)
  29 merfolk
  8 blink frogs
  6 snapping turtles
  9 dream sheep
  78 saltlings
  4 raiju (Abyss:3)
  45 slime creatures
  2 shadows
  5 wraiths
  45 yaks
  A culicivora (Vaults:3)
  3 vampires
  9 wyverns
  5 basilisks
  17 water elementals
  3 steam dragons
  24 vampire mosquitoes
  Menkaure (D:4)
  A redback (Vaults:3)
  4 wargs
  Duvessa (D:4)
  3 large abominations (Abyss:3)
  57 nagas
  9 water moccasins
  2 acid dragons (D:14)
  4 hell hounds (Lair:5)
  3 small abominations (Abyss:3)
  2 floating eyes
  26 orc warriors
  3 ice beasts
  3 black bears
  8 ogres
  4 boggarts (Lair:3)
  2 wolves (Lair:3)
  A boggart (shapeshifter) (Vaults:5)
  5 centaurs
  2 human zombies (Vaults:3)
  2 phantoms (D:6)
  4 kobold brigands
  11 bullfrogs
  A human skeleton (Vaults:3)
  A gnoll sergeant (D:11)
  2 scorpions
  Dowan (D:4)
  5 wights (D:8)
  5 howler monkeys
  A howler monkey (shapeshifter) (D:13)
  5 lava snakes (Lair:5)
  4 hounds
  19 orc priests
  3 jellies (D:5)
  A gnoll bouda (D:6)
  2 iguanas (D:5)
  36 orc wizards
  A mummy (D:9)
  9 adders
  8 gnolls
  A shadow imp (D:6)
  2 white imps
  2 ufetubi
  2 worms
  3 dart slugs
  90 orcs
  3 ball pythons
  4 bats
  9 endoplasms
  3 giant cockroaches
  12 goblins
  6 hobgoblins
  11 kobolds
  5 quokkas
  2 frilled lizards (D:2)
  8 rats
  A spectral weapon (Depths:1)
  4 tentacles (Shoals:4)
2017 creatures vanquished.

Vanquished Creatures (others)
  2 rakshasas
  A deep troll (Vaults:2)
  A merfolk (Shoals:2)
  A centaur (D:13)
  3 foxfires (Abyss:3)
  21 fungi
  110 plants
  12 tentacles
  2 withered plants (Desolation)
153 creatures vanquished.

Grand Total: 2170 creatures vanquished

Notes
Turn   | Place    | Note
-------+----------+-------------------------------------------
     0 | D:1      | greynaab the Gargoyle Gladiator began the quest for the
                  | Orb.
     0 | D:1      | Reached XP level 1. HP: 12/12 MP: 1/1
   121 | D:1      | Reached XP level 2. HP: 16/18 MP: 2/2
   338 | D:1      | Reached XP level 3. HP: 21/22 MP: 3/3
   728 | D:2      | Found an iron altar of Okawaru.
   772 | D:2      | Became a worshipper of Warmaster Okawaru
  1165 | D:3      | Found a glowing silver altar of Zin.
  1165 | D:3      | Found a broken altar of Ashenzari.
  1194 | D:3      | Found an ancient bone altar of Kikubaaqudgha.
  1349 | D:3      | Reached XP level 4. HP: 28/28 MP: 4/4
  1796 | D:3      | Reached skill level 1 in Invocations
  1842 | D:3      | Found Wobb's Assorted Antiques.
  2072 | D:4      | Found an iron altar of Okawaru.
  2250 | D:4      | Reached XP level 5. HP: 30/32 MP: 5/5
  2391 | D:4      | Noticed a +0 short sword
  2391 | D:4      | Noticed a +0 short sword
  2394 | D:4      | Noticed a +0 dagger
  2400 | D:4      | Noticed a +0 falchion
  2400 | D:4      | Noticed a +0 dagger
  2401 | D:4      | Noticed a +0 spear
  2401 | D:4      | Noticed a +0 spear
  2402 | D:4      | Found a hide-covered altar of Uskayaw.
  2402 | D:4      | Noticed a +0 falchion
  2413 | D:4      | Reached skill level 1 in Shields
  2500 | D:4      | Noticed Duvessa
  2500 | D:4      | Noticed Dowan
  2541 | D:4      | Killed Duvessa
  2541 | D:4      | Reached * piety under Okawaru
  2542 | D:4      | Reached skill level 5 in Maces & Flails
  2542 | D:4      | Reached XP level 6. HP: 18/38 MP: 7/7
  2647 | D:4      | Killed Dowan
  2696 | D:4      | Noticed Menkaure
  2707 | D:4      | Killed Menkaure
  2708 | D:4      | Reached XP level 7. HP: 43/43 MP: 7/9
  3403 | D:5      | Entered Level 5 of the Dungeon
  3535 | D:5      | Found an opulent altar of Gozag.
  3568 | D:5      | Found a shimmering altar of Xom.
  3569 | D:5      | Found a shimmering altar of Xom.
  3626 | D:5      | Found a shimmering altar of Xom.
  3627 | D:5      | Found a shimmering altar of Xom.
  3627 | D:5      | Found a shimmering altar of Xom.
  3638 | D:5      | Found a staircase to the Ecumenical Temple.
  3766 | D:5      | Reached ** piety under Okawaru
  3776 | D:5      | Found a shimmering altar of Xom.
  3782 | D:5      | Found a shimmering altar of Xom.
  3783 | D:5      | Found a shimmering altar of Xom.
  3842 | D:5      | Reached XP level 8. HP: 40/48 MP: 10/10
  3902 | D:5      | Reached skill level 5 in Fighting
  3997 | D:5      | Found a sacrificial altar of Ru.
  4129 | D:5      | Found a shimmering altar of Xom.
  4631 | D:6      | Found a glowing golden altar of the Shining One.
  4738 | D:6      | Reached skill level 1 in Axes
  4803 | D:6      | Found Xerhugif's Self-Improvement Boutique.
  5011 | D:6      | Reached XP level 9. HP: 42/55 MP: 10/12
  5028 | D:6      | Reached skill level 5 in Invocations
  5239 | D:7      | Reached *** piety under Okawaru
  5240 | D:7      | Reached skill level 5 in Shields
  5491 | D:7      | Found a blossoming altar of Fedhas.
  5904 | D:8      | Noticed a hornet
  5924 | D:8      | Killed a hornet
  6047 | D:8      | Got Iwits's Folio of Gritty Thunder
  6083 | D:8      | Found Ytau's Tiny Tomes.
  6241 | D:8      | Reached **** piety under Okawaru
  6365 | D:8      | Noticed a two-headed ogre
  6389 | D:8      | Killed a two-headed ogre
  6390 | D:8      | Reached skill level 5 in Axes
  6390 | D:8      | Reached XP level 10. HP: 36/63 MP: 12/14
  6630 | D:8      | Noticed a two-headed ogre
  6649 | D:8      | Killed a two-headed ogre
  6649 | D:8      | Reached ***** piety under Okawaru
  6799 | D:9      | Found a snail-covered altar of Cheibriados.
  7030 | D:9      | Noticed a brown ugly thing
  7042 | D:9      | Killed a brown ugly thing
  7051 | D:9      | Found a staircase to the Lair.
  7560 | D:9      | Found Genali's Fire Supplies.
  7570 | D:9      | Bought a +0 tower shield of fire resistance for 161 gold
                  | pieces
  7640 | D:10     | Entered Level 10 of the Dungeon
  7674 | D:10     | Received a gift from Okawaru
  7806 | D:10     | Found Pux Ross's Jewellery Shoppe.
  7859 | D:10     | Reached XP level 11. HP: 45/69 MP: 16/16
  8007 | D:10     | Found Bithryil's Weapon Shop.
  8146 | D:10     | Noticed Erica
  8164 | D:10     | Killed Erica
  8540 | D:10     | Received a gift from Okawaru
  8853 | D:10     | Found Weoph's Assorted Antiques.
  8857 | D:10     | Bought a scroll labelled UTIFUO UB EFEDE for 28 gold pieces
  8857 | D:10     | Bought a scroll of identify for 56 gold pieces
  9109 | D:10     | Found Wiar's Antique Weapon Shoppe.
  9294 | D:10     | Bought a +0 broad axe for 60 gold pieces
  9401 | D:10     | Found Gauno's Armour Shoppe.
  9488 | D:10     | Noticed a sun demon
  9837 | D:11     | Noticed a boulder beetle
  9894 | D:11     | Killed a boulder beetle
  9904 | D:11     | Found a portal to a secret trove of treasure.
  9934 | D:11     | Received a gift from Okawaru
  9966 | D:11     | Reached XP level 12. HP: 50/77 MP: 16/18
 10901 | D:12     | Reached skill level 10 in Fighting
 11015 | D:12     | Reached skill level 10 in Axes
 11379 | D:12     | Found a staircase to the Orcish Mines.
 11787 | D:12     | Found a runed translucent gate.
 11788 | D:12     | Found a runed translucent gate.
 11788 | D:12     | Found a runed translucent gate.
 11789 | D:12     | Noticed a great orb of eyes
 11789 | D:12     | Noticed an acid blob
 11790 | D:12     | Noticed Tas Arev's ghost (journeyman DsEE)
 11790 | D:12     | Noticed an acid blob
 11790 | D:12     | Noticed an acid blob
 11791 | D:12     | Noticed an acid blob
 11791 | D:12     | Noticed an acid blob
 11792 | D:12     | Noticed an azure jelly
 11795 | D:12     | Noticed a rockslime
 11797 | D:12     | Noticed an azure jelly
 11797 | D:12     | Noticed an acid blob
 11799 | D:12     | Noticed an acid blob
 11801 | D:12     | Found a viscous altar of Jiyva.
 11907 | D:13     | Noticed a centaur warrior
 11912 | D:13     | Killed a centaur warrior
 11912 | D:13     | Reached ****** piety under Okawaru
 11912 | D:13     | Identified the +7 morningstar of the Shark {heavy, rF+
                  | Str+2} (Okawaru gifted it to you on level 13 of the
                  | Dungeon)
 11912 | D:13     | Received a gift from Okawaru
 11913 | D:13     | Reached skill level 10 in Invocations
 12048 | D:13     | Noticed an eight-headed hydra
 12059 | D:13     | Killed a three-headed hydra
 12317 | D:13     | Noticed a boulder beetle
 12362 | D:13     | Killed a boulder beetle
 12622 | D:13     | Got the Volume of the Sizzling Gang
 12703 | D:13     | Found a gate to the Vaults.
 12710 | D:13     | a water nymph changed into an anaconda
 12710 | D:13     | Noticed an anaconda (glowing shapeshifter)
 12718 | D:13     | an anaconda changed into a merfolk
 12730 | D:13     | a torpor snail changed into a skyshark
 12730 | D:13     | Noticed a skyshark (glowing shapeshifter)
 12740 | D:13     | Killed a skyshark
 12981 | Lair:1   | Entered Level 1 of the Lair of Beasts
 13093 | Lair:1   | Received a gift from Okawaru
 13206 | Lair:1   | Reached skill level 10 in Shields
 13262 | Lair:1   | Reached XP level 13. HP: 71/84 MP: 20/20
 13748 | Lair:1   | Noticed Gastronok
 13749 | Arena    | Entered the Arena
 13761 | Arena    | Killed Gastronok
 13761 | Arena    | Identified the +4 glaive of Poubysu {freeze, Dex+7}
                  | (Okawaru gifted it to you in the Arena)
 13761 | Arena    | Received a gift from Okawaru
 14577 | Lair:2   | Received a gift from Okawaru
 14822 | Lair:2   | Found a staircase to the Shoals.
 14925 | Lair:2   | Found a staircase to the Snake Pit.
 15369 | Lair:3   | Found a sparkling altar of Nemelex Xobeh.
 15445 | Lair:3   | Identified the +3 buckler "Nonus Ary" {rC+ Str+8 Int-5
                  | SInv} (Okawaru gifted it to you on level 3 of the Lair of
                  | Beasts)
 15445 | Lair:3   | Received a gift from Okawaru
 15629 | Lair:3   | Got Hinakhid's Spellbook of Enchanting Geometries
 15713 | Lair:3   | Gained mutation: Your large and strong wings let you fly.
                  | [Gargoyle growth]
 15713 | Lair:3   | Reached XP level 14. HP: 79/90 MP: 22/22
 16646 | Lair:4   | Received a gift from Okawaru
 16919 | Lair:4   | Found a runed translucent door.
 16919 | Lair:4   | Found a viscous altar of Jiyva.
 16920 | Lair:4   | Found a staircase to the Slime Pits.
 17411 | Lair:5   | Entered Level 5 of the Lair of Beasts
 17545 | Lair:5   | Identified the +7 kite shield "Suhi" {rC- rCorr Dex+3}
                  | (Okawaru gifted it to you on level 5 of the Lair of Beasts)
 17545 | Lair:5   | Received a gift from Okawaru
 17955 | Lair:5   | Reached skill level 15 in Axes
 18246 | Lair:5   | Received a gift from Okawaru
 18250 | Lair:5   | Reached XP level 15. HP: 84/94 MP: 23/23
 18256 | Lair:5   | Identified the +1 robe of the Cuttlefish {rF- Regen+ Slay+2
                  | SInv} (Okawaru gifted it to you on level 5 of the Lair of
                  | Beasts)
 18256 | Lair:5   | Received a gift from Okawaru
 18564 | Lair:5   | Found a large runed translucent door.
 18564 | Lair:5   | Found a large runed translucent door.
 19276 | Orc:1    | Entered Level 1 of the Orcish Mines
 19546 | Orc:1    | Found Unu Ulle's Assorted Antiques.
 19560 | Orc:1    | Bought a sparkling steel ring for 90 gold pieces
 19560 | Orc:1    | Identified the ring "Bossesel" {rF+ MP+9 Str+5} (You bought
                  | it in a shop on level 1 of the Orcish Mines)
 19560 | Orc:1    | Bought a scroll of blinking for 135 gold pieces
 19797 | Orc:2    | Entered Level 2 of the Orcish Mines
 19797 | Orc:2    | Found a staircase to the Elven Halls.
 20509 | Orc:2    | Found Noroef's Jewellery Boutique.
 20532 | Orc:2    | Found Pahioc's Antique Armour Shop.
 20552 | Orc:2    | Found a radiant altar of Vehumet.
 20552 | Orc:2    | Noticed Erolcha
 20578 | Orc:2    | Killed Erolcha
 20600 | Orc:2    | Found Yforagh's Book Boutique.
 20611 | Orc:2    | Noticed Nergalle
 20614 | Orc:2    | Found an ancient bone altar of Kikubaaqudgha.
 20620 | Orc:2    | Killed Nergalle
 20695 | Orc:2    | Found Ibbug's Distillery.
 20703 | Orc:2    | Bought a potion of might for 40 gold pieces
 20703 | Orc:2    | Bought a potion of lignification for 30 gold pieces
 20703 | Orc:2    | Bought a potion of curing for 30 gold pieces
 20703 | Orc:2    | Bought a potion of haste for 100 gold pieces
 20817 | Orc:2    | Bought a runed cloak for 315 gold pieces
 21014 | Snake:1  | Entered Level 1 of the Snake Pit
 21051 | Snake:1  | Found Veiling's Antique Armour Shoppe.
 21053 | Snake:1  | Found Nyukk's Armour Emporium.
 21053 | Snake:1  | Found Xisik's Magic Scroll Shoppe.
 21058 | Snake:1  | Found Qekyitue's Jewellery Emporium.
 21069 | Snake:1  | Bought a scroll of poison for 44 gold pieces
 21069 | Snake:1  | Bought a scroll of identify for 22 gold pieces
 21069 | Snake:1  | Bought a scroll of identify for 22 gold pieces
 21069 | Snake:1  | Bought a scroll of identify for 22 gold pieces
 21077 | Snake:1  | Bought a steaming plate armour for 952 gold pieces
 21077 | Snake:1  | Identified the +1 plate armour of Intuition {+Inv} (You
                  | bought it in a shop on level 1 of the Snake Pit)
 21226 | Snake:1  | Received a gift from Okawaru
 21441 | Snake:1  | Reached skill level 1 in Evocations
 21518 | Snake:1  | Identified the ring "Ziarot" {rC+ Slay+2}
 22252 | Snake:2  | Reached skill level 15 in Shields
 22433 | Snake:2  | Received a gift from Okawaru
 22514 | Snake:2  | Reached XP level 16. HP: 84/100 MP: 24/24
 22814 | Snake:2  | Noticed Mlioglotl
 22833 | Snake:2  | Killed Mlioglotl
 23234 | Snake:2  | Noticed a nagaraja
 23241 | Snake:2  | Killed a nagaraja
 23450 | Snake:2  | Received a gift from Okawaru
 23498 | Snake:2  | Reached skill level 5 in Evocations
 24625 | Snake:3  | Found a runed translucent door.
 24626 | Snake:3  | Noticed Saojabem's ghost (adept MiBe)
 24627 | Snake:3  | Found a shimmering altar of Xom.
 25527 | Snake:4  | Entered Level 4 of the Snake Pit
 25901 | Snake:4  | Noticed a nagaraja
 25911 | Snake:4  | Killed a nagaraja
 25911 | Snake:4  | Identified the +4 troll leather armour of Catatonia {-Tele
                  | Rampage Will+ Regen+} (Okawaru gifted it to you on level 4
                  | of the Snake Pit)
 25911 | Snake:4  | Received a gift from Okawaru
 26466 | Snake:4  | Reached XP level 17. HP: 90/104 MP: 25/25
 26688 | Snake:4  | Identified the ring of the Gloaming {rPois Str+3 Dex+5}
 27361 | Snake:4  | Received a gift from Okawaru
 27695 | Snake:4  | Reached skill level 10 in Evocations
 27825 | Snake:4  | Got a serpentine rune of Zot
 27874 | Snake:4  | Identified the +22 crystal plate armour of Masochism {rPois
                  | rF+ rC-} (Okawaru gifted it to you on level 4 of the Snake
                  | Pit)
 27874 | Snake:4  | Received a gift from Okawaru
 28211 | Shoals:1 | Entered Level 1 of the Shoals
 28878 | Shoals:1 | Reached skill level 1 in Armour
 28981 | Shoals:1 | Found Litan's Distillery.
 28989 | Shoals:1 | Bought a potion of might for 72 gold pieces
 28989 | Shoals:1 | Bought a potion of heal wounds for 90 gold pieces
 29030 | Shoals:1 | Reached XP level 18. HP: 110/110 MP: 26/26
 29796 | Shoals:2 | Noticed Ilsuiw
 29851 | Shoals:2 | Killed Ilsuiw
 29880 | Shoals:2 | Received a gift from Okawaru
 30157 | Shoals:2 | Noticed Nikola
 30174 | Shoals:2 | Killed Nikola
 30875 | Shoals:3 | Reached skill level 5 in Throwing
 30972 | Shoals:3 | Noticed Aizul
 31004 | Shoals:3 | Received a gift from Okawaru
 31009 | Shoals:3 | Killed Aizul
 31013 | Shoals:3 | Reached skill level 5 in Dodging
 31612 | Shoals:4 | Entered Level 4 of the Shoals
 31684 | Shoals:4 | Identified the +7 hand axe of the Pit {spect, Str+2}
                  | (Okawaru gifted it to you on level 4 of the Shoals)
 31684 | Shoals:4 | Received a gift from Okawaru
 31805 | Shoals:4 | Reached skill level 5 in Armour
 31970 | Shoals:4 | Found Miwk's General Store.
 32032 | Shoals:4 | Identified the amulet "Veseov" {Spirit Harm rCorr Str+3}
 32048 | Shoals:4 | Received a gift from Okawaru
 32062 | Shoals:4 | Bought a potion of curing for 54 gold pieces
 32062 | Shoals:4 | Bought a scroll of teleportation for 54 gold pieces
 32337 | Shoals:4 | Identified the +2 hand axe "Myze" {protect, MP+9 Str-3
                  | SInv}
 32367 | Shoals:4 | Identified the scarf "Opitueso" {rC+ rF+, Str+5} (Okawaru
                  | gifted it to you on level 4 of the Shoals)
 32367 | Shoals:4 | Received a gift from Okawaru
 32671 | Shoals:4 | Got a barnacled rune of Zot
 32885 | Shoals:4 | Reached XP level 19. HP: 114/114 MP: 27/27
 34157 | Snake:1  | Bought a scroll of enchant weapon for 82 gold pieces
 34648 | D:13     | Received a gift from Okawaru
 34655 | D:13     | Identified the ring "Gaibruv" {rPois Will++ Str+2 Dex-5}
 34699 | D:13     | Identified the ring "Daikid" {rC+ MP+9 Stlth+}
 34822 | D:13     | Identified the ring "Dimam" {rCorr MP+9}
 34834 | D:13     | Identified the ring of Gotaegre {rPois Slay+2}
 35254 | D:14     | Found Qegeviafi's General Store.
 35291 | D:14     | Received a gift from Okawaru
 35357 | D:14     | Found Rugrerei's Magic Scroll Shoppe.
 35496 | D:14     | Found Zoafuw's Armour Boutique.
 35786 | D:15     | Entered Level 15 of the Dungeon
 36137 | D:15     | Found a staircase to the Depths.
 36391 | Vaults:1 | Entered Level 1 of the Vaults
 36551 | Vaults:1 | Received a gift from Okawaru
 36589 | Vaults:1 | You are sucked into a shaft and drop 1 floor!
 36604 | Vaults:2 | Received a gift from Okawaru
 36691 | Vaults:2 | Found a flickering gateway to a bazaar.
 36706 | Bazaar   | Entered a bazaar
 36708 | Bazaar   | Found Kuso's Assorted Antiques.
 36712 | Bazaar   | Found Qeox's Weapon Boutique.
 36712 | Bazaar   | Found Plog's Antique Weapon Boutique.
 36713 | Bazaar   | Found Qainess's Magic Scroll Boutique.
 36741 | Bazaar   | Bought a scroll of blinking for 112 gold pieces
 36741 | Bazaar   | Bought a scroll of blinking for 112 gold pieces
 36741 | Bazaar   | Bought a scroll of enchant weapon for 112 gold pieces
 36746 | Bazaar   | Bought a potion of invisibility for 208 gold pieces
 36746 | Bazaar   | Bought a potion of invisibility for 208 gold pieces
 37087 | Vaults:2 | Reached skill level 10 in Dodging
 37145 | Vaults:2 | Reached XP level 20. HP: 120/120 MP: 28/28
 37608 | Vaults:2 | Received a gift from Okawaru
 37788 | Vaults:2 | Noticed Donald
 37804 | Vaults:2 | Killed Donald
 37804 | Vaults:2 | Received a gift from Okawaru
 37974 | Vaults:2 | Found a staircase to the Crypt.
 38848 | Vaults:1 | Reached skill level 10 in Armour
 39170 | Abyss:3  | Cast into level 3 of the Abyss (vault warden)
 39173 | Abyss:3  | Found a corrupted altar of Lugonu.
 39413 | Abyss:3  | Found a corrupted altar of Lugonu.
 39450 | Abyss:3  | Noticed a dread lich
 39465 | Abyss:3  | Killed a dread lich
 39495 | Vaults:1 | Escaped the Abyss
 40031 | Vaults:1 | Reached skill level 10 in Throwing
 40032 | Vaults:1 | Received a gift from Okawaru
 40215 | Vaults:3 | Found a crumbling gateway.
 40222 | Desolati | Entered the Desolation of Salt
 40333 | Desolati | Received a gift from Okawaru
 40359 | Desolati | Reached XP level 21. HP: 99/124 MP: 0/29
 40371 | Desolati | Received a gift from Okawaru
 40513 | Desolati | Identified the scarf of Undesirable Species {rC+ rF+,
                  | Regen+} (Okawaru gifted it to you in the Desolation of
                  | Salt)
 40513 | Desolati | Received a gift from Okawaru
 40845 | Desolati | Got the Catalogue of Changing Adjuration
 40874 | Desolati | Identified the ring "Vasiloto" {rF- Will+ Str+3 Int+2 SInv}
 40920 | Desolati | Identified the +0 leather armour "Wilih" {rElec Regen+}
 41100 | Desolati | Identified the ring "Baanaga" {EV+5 Dex+7}
 41179 | Desolati | Identified the +1 mace of Vaof {drain, +Blink Int+6}
 42467 | Vaults:3 | Found Ijesemo's Jewellery Emporium.
 42696 | Vaults:3 | Received a gift from Okawaru
 42991 | Vaults:3 | Identified the +4 war axe "Poaheir" {venom, Int+6} (Okawaru
                  | gifted it to you on level 3 of the Vaults)
 42991 | Vaults:3 | Received a gift from Okawaru
 44503 | Vaults:4 | Received a gift from Okawaru
 44678 | Vaults:4 | Reached XP level 22. HP: 130/130 MP: 23/30
 44973 | Vaults:4 | Reached skill level 15 in Armour
 45063 | Vaults:4 | Received a gift from Okawaru
 45981 | Vaults:5 | Entered Level 5 of the Vaults
 45986 | Vaults:5 | Received a gift from Okawaru
 45989 | Vaults:5 | Received a gift from Okawaru
 45999 | Vaults:5 | Noticed a golden dragon
 46004 | Vaults:5 | Noticed a dread lich
 46005 | Vaults:5 | Identified the +2 kite shield of Okawaru's Supremacy {Harm
                  | Rampage} (Okawaru gifted it to you on level 5 of the
                  | Vaults)
 46005 | Vaults:5 | Received a gift from Okawaru
 46014 | Vaults:5 | Noticed an ancient lich
 46031 | Vaults:5 | Killed an ancient lich
 46043 | Vaults:5 | Noticed a golden dragon
 46071 | Vaults:5 | Killed a golden dragon
 46197 | Vaults:5 | Noticed an ancient lich
 46221 | Vaults:5 | Killed an ancient lich
 46264 | Vaults:5 | Got the Annotations on Locality and the Adder
 46341 | Vaults:5 | Reached skill level 15 in Throwing
 46449 | Vaults:5 | Got the Tome of the Eleven Continents
 46585 | Vaults:5 | Noticed an ancient lich
 46593 | Vaults:5 | Killed an ancient lich
 46658 | Vaults:5 | Identified the ring "Riupoil" {AC+4 Str+8 SInv Stlth-}
 46681 | Vaults:5 | Identified the +0 leather armour of Modesty {Harm Fly rC-
                  | Int-3}
 46749 | Vaults:5 | Killed a dread lich
 46765 | Vaults:5 | Reached XP level 23. HP: 136/142 MP: 0/31
 46784 | Vaults:5 | Received a gift from Okawaru
 46784 | Vaults:5 | Found the +0 pair of fencer's gloves {Riposte Dex+3}
 46839 | Vaults:5 | Identified the +11 arbalest "Dimylil" {heavy, Dex+2}
 46863 | Vaults:5 | Noticed an ancient lich
 46890 | Vaults:5 | Killed an ancient lich
 46931 | Vaults:5 | a sphinx changed into a caustic shrike
 46931 | Vaults:5 | Noticed a caustic shrike (glowing shapeshifter)
 46943 | Vaults:5 | a caustic shrike changed into an iron dragon
 47218 | Vaults:5 | Reached skill level 15 in Fighting
 47494 | Vaults:5 | Found Foj Jiok's Book Shoppe.
 47500 | Vaults:5 | Identified the staff of cold "Foappuro" {rC+ MP+9 Stlth+}
 47523 | Vaults:5 | Killed a golden dragon
 47804 | Vaults:5 | Got a silver rune of Zot
 48032 | Depths:1 | Entered Level 1 of the Depths
 48032 | Depths:1 | You are sucked into a shaft and drop 1 floor!
 48090 | Depths:2 | Noticed a caustic shrike
 48102 | Depths:2 | Killed a caustic shrike
 48162 | Depths:2 | Noticed a caustic shrike
 48175 | Depths:2 | Killed a caustic shrike
 48231 | Depths:2 | Identified the +5 short sword of Impatience {freeze, rCorr}
 48232 | Depths:2 | Identified the staff of conjuration "Zurot" {rF+ Dex+4
                  | Stlth+}
 48271 | Depths:2 | Paralysed by a floating eye for 2 turns
 48281 | Depths:2 | Received a gift from Okawaru
 48397 | Depths:2 | Noticed a dread lich
 48398 | Depths:2 | Found a one-way gateway to a ziggurat.
 48420 | Depths:2 | Killed a dread lich
 48497 | Depths:2 | Noticed a juggernaut
 48520 | Depths:2 | Killed a juggernaut
 48614 | Depths:2 | Found a gateway to Hell.
 48758 | Depths:2 | Noticed a juggernaut
 48782 | Depths:1 | Noticed Sojobo
 48782 | Depths:1 | Noticed Asterion
 48789 | Depths:1 | Paralysed by an air elemental for 1 turns
 48796 | Arena    | Entered the Arena
 48810 | Arena    | Paralysed by an air elemental for 1 turns
 48815 | Arena    | Killed Sojobo
 48840 | Depths:1 | Reached XP level 24. HP: 154/154 MP: 31/31
 48852 | Depths:1 | Killed Asterion
 48904 | Depths:1 | Noticed Mara
 48935 | Arena    | Entered the Arena
 48951 | Arena    | Killed Mara
 49698 | Depths:1 | Identified the +3 pair of boots of Autumn {Will+ Str+3}
                  | (Okawaru gifted it to you on level 1 of the Depths)
 49698 | Depths:1 | Received a gift from Okawaru
 49749 | Depths:1 | Found a one-way gate leading to the halls of Pandemonium.
 49932 | Depths:2 | Killed a juggernaut
 50435 | Depths:3 | Paralysed by a floating eye for 2 turns
 50891 | Depths:3 | Found Kiukosac's Serpentskin Sales.
 50923 | Depths:3 | Found a one-way gate to the infinite horrors of the Abyss.
 51043 | Depths:3 | Noticed Saint Roka
 51063 | Depths:3 | Killed Saint Roka
 51144 | Depths:3 | Found the +0 toga "Victory" {*Victory Clar}
 51316 | Depths:3 | Found Odoca's Jewellery Shoppe.
 51316 | Depths:3 | Found Lorch's Book Boutique.
 51317 | Depths:3 | Found Vyistrow's Jewellery Shoppe.
 51441 | Depths:4 | Entered Level 4 of the Depths
 51690 | Depths:4 | Received a gift from Okawaru
 51793 | Depths:4 | Identified the +6 scale mail of the Evening Star {rN+ Str-5
                  | Dex+8}
 51848 | Depths:4 | Found a gate to the Realm of Zot.
 51919 | Depths:4 | Identified the +9 sling "Zuun" {drain, Fly rF- Str-4 Int+7}
 52093 | Zot:1    | Entered Level 1 of the Realm of Zot
 52226 | Zot:1    | Identified the scarf of Pyveneonk {repulsion, +Blink Str+2}
                  | (Okawaru gifted it to you on level 1 of the Realm of Zot)
 52226 | Zot:1    | Received a gift from Okawaru
 52278 | Zot:1    | Noticed an orb of fire
 52279 | Zot:1    | Reached XP level 25. HP: 160/163 MP: 31/31
 52284 | Zot:1    | Gained mutation: You are clumsy. (Dex -2) [an orb of fire]
 52291 | Zot:1    | Gained mutation: You are frail. (-10% HP) [an orb of fire]
 52293 | Zot:1    | Gained mutation: You expend magic power (3 MP) to
                  | strengthen your wands. [an orb of fire]
 52300 | Zot:1    | Gained mutation: You do not regenerate when monsters are
                  | visible. [an orb of fire]
 52301 | Zot:1    | Killed an orb of fire
 52394 | Zot:1    | Identified a scroll of acquirement
 52525 | Zot:1    | Reached skill level 15 in Dodging
 52538 | Zot:1    | Lost mutation: You are frail. (-10% HP) [potion of
                  | mutation]
 52538 | Zot:1    | Lost mutation: You expend magic power (3 MP) to strengthen
                  | your wands. [potion of mutation]
 52538 | Zot:1    | Gained mutation: Your mind is acute. (Int +4, Str/Dex -1)
                  | [potion of mutation]
 52539 | Zot:1    | Lost mutation: Your mind is acute. (Int +4, Str/Dex -1)
                  | [potion of mutation]
 52539 | Zot:1    | Lost mutation: You do not regenerate when monsters are
                  | visible. [potion of mutation]
 52539 | Zot:1    | Gained mutation: You are occasionally teleported next to
                  | monsters. [potion of mutation]
 52539 | Zot:1    | Gained mutation: You have large cloven feet. [potion of
                  | mutation]
 52540 | Zot:1    | Lost mutation: You are clumsy. (Dex -2) [potion of
                  | mutation]
 52540 | Zot:1    | Lost mutation: You have large cloven feet. [potion of
                  | mutation]
 52540 | Zot:1    | Gained mutation: Your mind is acute. (Int +4, Str/Dex -1)
                  | [potion of mutation]
 52540 | Zot:1    | Gained mutation: Your muscles are strong. (Str +4, Int/Dex
                  | -1) [potion of mutation]
 52541 | Zot:1    | Lost mutation: Your mind is acute. (Int +4, Str/Dex -1)
                  | [potion of mutation]
 52541 | Zot:1    | Lost mutation: You are occasionally teleported next to
                  | monsters. [potion of mutation]
 52541 | Zot:1    | Lost mutation: Your muscles are strong. (Str +4, Int/Dex
                  | -1) [potion of mutation]
 52541 | Zot:1    | Gained mutation: Your flesh is heat resistant. (rF+)
                  | [potion of mutation]
 52541 | Zot:1    | Gained mutation: You possess an exceptional clarity of
                  | mind. [potion of mutation]
 54157 | Zot:3    | Received a gift from Okawaru
 54195 | Zot:3    | Noticed an orb of fire
 54207 | Zot:3    | Killed an orb of fire
 54278 | Zot:3    | Acquired 463 gold pieces
 54378 | Zot:3    | Noticed a Killer Klown
 54380 | Zot:3    | Noticed a Killer Klown
 54461 | Zot:3    | Killed a Killer Klown
 54505 | Zot:3    | Killed a Killer Klown
 54926 | Zot:4    | Noticed Grunn
 55558 | Zot:4    | Reached XP level 26. HP: 156/172 MP: 31/31
 55709 | Zot:4    | Noticed an ancient lich
 55798 | Zot:4    | Killed an ancient lich
 55818 | Zot:4    | Got the Elucidation of the Putrid Blaze
 55829 | Zot:4    | Got Sif Muna's Textbook on Kinetic Energy
 55854 | Zot:4    | Received a gift from Okawaru
 55854 | Zot:4    | Found the +10 tower shield of Ignorance {rN+ Int-4}
 56137 | Zot:4    | Killed Grunn
 56402 | Zot:5    | Entered Level 5 of the Realm of Zot
 56514 | Zot:5    | Noticed an orb of fire
 56524 | Zot:5    | Gained mutation: You are agile. (Dex +4, Str/Int -1) [an
                  | orb of fire]
 56527 | Zot:5    | Lost mutation: You possess an exceptional clarity of mind.
                  | [an orb of fire]
 56529 | Zot:5    | Gained mutation: Armour fits poorly on your strangely
                  | shaped body. [an orb of fire]
 56535 | Zot:5    | Gained mutation: You do not regenerate when monsters are
                  | visible. [an orb of fire]
 56537 | Zot:5    | Killed an orb of fire
 57158 | Zot:5    | Noticed a dread lich
 57186 | Zot:5    | Killed a dread lich
 57236 | Zot:5    | Noticed an orb of fire
 57240 | Zot:5    | Gained mutation: You have hidden genetic defects.
                  | [mutagenic glow]
 57242 | Zot:5    | Noticed an orb of fire
 57266 | Zot:4    | Gained mutation: Potions are less effective at restoring
                  | your health. [mutagenic glow]
 57269 | Zot:4    | Lost mutation: You have hidden genetic defects. [potion of
                  | mutation]
 57269 | Zot:4    | Lost mutation: You do not regenerate when monsters are
                  | visible. [potion of mutation]
 57269 | Zot:4    | Lost mutation: Armour fits poorly on your strangely shaped
                  | body. [potion of mutation]
 57269 | Zot:4    | Lost mutation: You are agile. (Dex +4, Str/Int -1) [potion
                  | of mutation]
 57269 | Zot:4    | Gained mutation: Your flesh is very heat resistant. (rF++)
                  | [potion of mutation]
 57269 | Zot:4    | Gained mutation: You are covered in fur. (AC +1) [potion of
                  | mutation]
 57276 | Zot:5    | Gained mutation: Your magical capacity is low. (-10% MP)
                  | [an orb of fire]
 57285 | Zot:5    | Noticed a Killer Klown
 57287 | Zot:5    | Gained mutation: Armour fits poorly on your strangely
                  | shaped body. [an orb of fire]
 57290 | Zot:5    | Killed an orb of fire
 57290 | Zot:5    | Noticed a Killer Klown
 57292 | Zot:5    | Noticed an ancient lich
 57316 | Zot:4    | Killed a Killer Klown
 57352 | Zot:5    | Killed a Killer Klown
 57356 | Zot:5    | Killed an ancient lich
 57396 | Zot:5    | Killed an orb of fire
 57449 | Zot:5    | Acquired a manual of Evocations
 57495 | Zot:5    | Noticed an orb of fire
 57504 | Zot:5    | Killed an orb of fire
 57505 | Zot:5    | Noticed a Killer Klown
 57515 | Zot:5    | Killed a Killer Klown
 57518 | Zot:5    | Noticed a Killer Klown
 57519 | Zot:5    | Noticed an ancient lich
 57539 | Zot:5    | Killed a Killer Klown
 57545 | Zot:5    | Killed an ancient lich
 57545 | Zot:5    | Received a gift from Okawaru
 57743 | Zot:5    | Noticed a Killer Klown
 57748 | Zot:5    | Reached XP level 27. HP: 174/180 MP: 27/27
 58026 | Zot:5    | Lost mutation: Armour fits poorly on your strangely shaped
                  | body. [potion of mutation]
 58026 | Zot:5    | Lost mutation: You are covered in fur. (AC +1) [potion of
                  | mutation]
 58026 | Zot:5    | Lost mutation: Your flesh is very heat resistant. (rF++)
                  | [potion of mutation]
 58026 | Zot:5    | Gained mutation: You are agile. (Dex +4, Str/Int -1)
                  | [potion of mutation]
 58027 | Zot:5    | Lost mutation: You are agile. (Dex +4, Str/Int -1) [potion
                  | of mutation]
 58027 | Zot:5    | Lost mutation: Potions are less effective at restoring your
                  | health. [potion of mutation]
 58027 | Zot:5    | Gained mutation: Your spells are a little easier to cast,
                  | but a little less powerful. [potion of mutation]
 58027 | Zot:5    | Gained mutation: Your muscles are strong. (Str +4, Int/Dex
                  | -1) [potion of mutation]
 58030 | Zot:5    | Got the Orb of Zot
 58189 | Zot:1    | Noticed Tekhi the pandemonium lord
 58197 | Zot:1    | Killed Tekhi the pandemonium lord
 58260 | Depths:2 | Noticed Raecux the pandemonium lord
 58296 | D:15     | Noticed Xuatuara the pandemonium lord
 58493 | D:4      | Noticed Kedatis the pandemonium lord
 58499 | D:4      | Killed Kedatis the pandemonium lord
 58571 | D:1      | Gained mutation: You are clumsy. (Dex -2) [a neqoxec]
 58574 | D:1      | Gained mutation: You are occasionally teleported next to
                  | monsters. [a neqoxec]
 58579 | D:$      | Escaped with the Orb!

Illustrated notes

Levels and vault maps discovered:
D:1:      lemuel_arrival_river_bridge, layout_rooms, minmay_fountain_box
D:2:      layout_rooms, basic_altar
D:3:      layout_loops_cross, nicolae_overflow_hidden_temple, serial_shops,
          nicolae_shop_dealshenge, kennysheep_cross_bottleneck, minmay_between
D:4:      layout_layer_cave, okawaru_altar_gauntlet_db,
          nicolae_uskayaw_en_pointe, minmay_cut_off, uniq_duvessa, uniq_menkaure
D:5:      layout_basic, nicolae_gozag_seed_capital, nicolae_ru_path_of_blood,
          xom_redecorated, minmay_temple_entry_offerings, minmay_bent
D:6:      layout_rooms, kennysheep_little_box, minmay_misc_feat_diagonals,
          nicolae_shop_self_help
D:7:      layout_basic, fedhas_altar_2
D:8:      layout_basic, nicolae_shop_i_like_small_books_too, st_stairs_6
D:9:      cheibrodos_iron_armory, layout_basic, slow_altar_1,
          nicolae_shop_fire_sale [nicolae_sub_dead_trees]
D:10:     layout_basic, serial_shops, shop, shop, shop, nicolae_shop_scrapyard,
          nicolae_shop_gaudy_bauble, minmay_misc_feat_x, uniq_erica
D:11:     layout_small_grid, nicolae_trove_entry_free_sample
D:12:     layout_small_grid, david_orc_4, gammafunk_ghost_ooze,
          dk_noncrumbling_3
D:13:     minmay_the_grid_triangle_9x9_recursive_3
          [minmay_the_grid_triangle_9x9_flanged_cone,
          minmay_the_grid_triangle_9x9_cache,
          minmay_the_grid_triangle_9x9_thin_v,
          minmay_the_grid_triangle_9x9_prize_special,
          minmay_the_grid_triangle_9x9_empty,
          minmay_the_grid_triangle_9x9_negative_grid,
          minmay_the_grid_triangle_9x9_impossible_snake,
          minmay_the_grid_triangle_9x9_stretched_checkered,
          minmay_the_grid_triangle_9x9_limited_checkers], layout_basic,
          david_vaults_2
D:14:     layout_loops_ring, serial_shops, shop, nicolae_shop_getting_attention,
          shop
D:15:     gammafunk_enter_depths_forms, layout_rooms,
          nicolae_figureground_sparkle
Lair:1:   layout_cellular_growth, serial_bayou_shore_a, lemuel_fruit_tree,
          grunt_megastairs_3, uniq_gastronok
Lair:2:   layout_gridlike, minmay_shoals_entry_hut, nicolae_snake_entry_squirm,
          infiniplex_staircase_pool, serial_bayou_shore_b, serial_bayou_shore_b
Lair:3:   layout_chaotic_city, basic_altar, kilobyte_rumbling_trees
Lair:4:   layout_cellular_growth, slime_entry_2, serial_bayou_pond_a
Lair:5:   cheibrodos_lair_end_hotspot, layout_regular_city, st_stairs_6
Shoals:1: layout_shoals, serial_shops, nicolae_shop_industrial_runoff,
          nicolae_shoals_water_elemental_grotto
Shoals:2: layout_shoals, nicolae_shoals_mertower, uniq_ilsuiw, uniq_nikola
Shoals:3: layout_shoals, uniq_aizul
Shoals:4: shoals_end_simple, layout_shoals, serial_shops, shop,
          nicolae_shoals_isolated_beach
Snake:1:  layout_chambers, minmay_shoptagon, serial_bayou_shore_b
Snake:2:  layout_concentric_octagons, abandoned_shop, uniq_mlioglotl
Snake:3:  layout_chambers, ebering_ghost_xom, grunt_ministairs_2
Snake:4:  minmay_snake_end_coiled, layout_misc_corridors,
          nicolae_snake_slithery_corners
Orc:1:    layout_caves, serial_shops, nicolae_shop_hallway_plus
Orc:2:    kennysheep_orc_mage_school, layout_caves, hellmonk_bongcloud_opening
Vaults:1: gammafunk_ghost_mausoleum, v_misc_28, nicolae_vaults_little_ls,
          hangedman_vaults_restitches, grunt_vaults_hallway_short,
          hangedman_vaults_impose, ontoclasm_vaults_tryst, v_alt_pattern_1,
          serial_ice_g, grunt_vaults_hallway_short,
          nicolae_vaults_border_crossing, dpeg_vaults_monster_row,
          layout_vaults_maze_snakey
Vaults:2: v_misc_11, ontoclasm_vaults_eye, hangedman_vaults_river_flow,
          hangedman_vaults_trim, nicolae_vaults_diagonal_hallway_7,
          hangedman_vaults_maws, hangedman_vaults_stretched_pinwheel,
          hangedman_vaults_trim, nicolae_vaults_asterisk, st_lattice,
          vaults_dpeg_encased_lava, minmay_crypt_entry_simple_round,
          layout_vaults_omnigrid, serial_shops, freezing_bzr, serial_glass,
          uniq_donald
Vaults:3: portal_desolation_entry_nicolae_nacl, v_misc_9, v_misc_11,
          v_pattern_5, hangedman_vaults_stitches,
          vaults_standard_mumra_enter_the_diamond, v_rooms_4,
          ontoclasm_vaults_ring_large, nicolae_vaults_diagonal_hallway_7,
          ontoclasm_vaults_ligature, vaults_dpeg_emergency_exit,
          layout_vaults_omnibox, serial_shops, shop
Vaults:4: nicolae_vaults_little_squares_5, vaults_room_semicircle, v_pattern_2,
          grunt_vaults_funnel, hangedman_vaults_restitches,
          nicolae_vaults_specimen_jars, nicolae_vaults_yaktaur_gun_rack,
          nicolae_vaults_little_squares_5, layout_vaults_omnicross
Vaults:5
Depths:1: nicolae_hitomezashi [nicolae_hito_row, nicolae_hito_row,
          nicolae_hito_row, nicolae_hito_row, nicolae_hito_row,
          nicolae_hito_row, nicolae_hito_row, nicolae_hito_row,
          nicolae_hito_row, nicolae_hito_row, nicolae_hito_row,
          nicolae_hito_row, nicolae_hito_row, nicolae_hito_row,
          nicolae_hito_row, nicolae_hito_row, nicolae_hito_row,
          nicolae_hito_row], layout_cave_shapes, rand_demon_pan_entry_4,
          pf_hell_entry_tar_river, nrook_uturn, uniq_sojobo, uniq_asterion,
          uniq_mara
Depths:2: minmay_concentric_multi, layout_small_grid, enter_ziggurat_d,
          grunt_hell_entry_dis_old, grunt_pan_entry_sceptre, st_stairs_6,
          kb_rosetta
Depths:3: kennysheep_scales, layout_gridlike, nicolae_wwwww, hell_entry,
          marbit_kobold_abyss_entry, chequers_serial_rivers_room_a,
          amcnicky_mini_pool_small, guppyfry_shop_venom, serial_bayou_shore_b,
          minmay_staircase_windowed_large, minmay_shop_grove, uniq_saint_roka
Depths:4: evilmike_zot_entry_basic, layout_cave_pools, nicolae_sextant,
          hell_entry
Zot:1:    layout_concentric_octagons
Zot:2:    layout_gridlike
Zot:3:    grunt_zot_stairs_faceoff, layout_twisted_circle
Zot:4:    layout_onion, lemuel_lich_library, uniq_grunn
Zot:5:    layout_misc_corridors, lemuel_baited_zot_trap

Skill      XL: |  1  2  3  4  5  6  7  8  9 10 11 12 13 14 15 16 17 18 19 20 21 22 23 24 25 26 |
---------------+-------------------------------------------------------------------------------+-----
Maces & Flails | 4 5 6 7 |  7.1
Fighting       | 3 4 5 7 8 9 11 14 16 18 19 20 | 20.8
Invocations    | 1 2 3 4 6 7 9 10 | 10.6
Shields        | 1 2 3 4 6 7 8 10 11 13 15 17 19 20 | 20.0
Axes           | 2 5 7 9 11 13 15 17 | 17.5
Evocations     | 2 7 10 | 10.0
Throwing       | 3 6 8 10 13 15 17 | 17.0
Armour         | 1 6 9 11 14 15 16 18 19 | 19.8
Dodging        | 6 10 12 14 16 18 | 18.7

Action                     |  1- 3 |  4- 6 |  7- 9 | 10-12 | 13-15 | 16-18 | 19-21 | 22-24 | 25-27 || total
---------------------------+-------+-------+-------+-------+-------+-------+-------+-------+-------++-------
  Melee: Flail             |   123 |   103 |   206 |    13 |       |       |       |       |       ||   445
         Mace              |       |     3 |       |       |       |       |       |       |       ||     3
         Whip              |       |       |   184 |   657 |   147 |       |       |       |       ||   988
         War axe           |       |       |       |    72 |    29 |       |       |       |       ||   101
         Broad axe         |       |       |       |    81 |   766 |  1351 |  2021 |  1565 |  1018 ||  6802
         Morningstar       |       |       |       |     6 |    40 |       |       |       |       ||    46
         Unarmed           |       |       |       |       |       |       |       |       |     2 ||     2
  Throw: Throwing net      |       |     1 |     2 |     3 |       |       |     1 |       |       ||     7
         Javelin           |       |     1 |       |     1 |       |       |     5 |       |    27 ||    34
         Dart              |       |       |     9 |    25 |     5 |       |       |     2 |       ||    41
         Boomerang         |       |       |       |       |    25 |    43 |    14 |    41 |    39 ||   162
 Invoke: Heroism           |       |     1 |     5 |    17 |    10 |    13 |     5 |     3 |    14 ||    68
         Finesse           |       |       |       |     2 |     6 |     8 |     1 |     2 |    10 ||    29
         Duel              |       |       |       |       |     1 |       |       |     2 |       ||     3
  Evoke: Wand              |       |     2 |     1 |    11 |     1 |    14 |     2 |     1 |     5 ||    37
    Use: Scroll            |       |     4 |     1 |     9 |    17 |     5 |     8 |     4 |    11 ||    59
         Potion            |       |       |       |       |       |    10 |     1 |     3 |    17 ||    31
   Stab: Sleeping          |     5 |     2 |     1 |       |       |       |       |       |       ||     8
         Held in net/web   |       |       |     2 |     1 |       |       |       |       |       ||     3
         Distracted        |       |       |       |       |       |     1 |     2 |       |       ||     3
         Paralysed         |       |       |       |       |       |       |     3 |       |       ||     3
 Armour: Leather armour    |    37 |     1 |       |       |       |       |       |       |       ||    38
         Ring mail         |       |    25 |     8 |       |       |       |       |       |       ||    33
         Scale mail        |       |       |    53 |       |       |       |       |       |       ||    53
         Steam dragon scal |       |       |    11 |       |       |       |       |       |       ||    11
         Plate armour      |       |       |    37 |   326 |   409 |   244 |       |       |       ||  1016
         Crystal plate arm |       |       |       |       |       |   476 |   862 |   813 |    28 ||  2179
         Gold dragon scale |       |       |       |       |       |       |       |       |   421 ||   421
  Dodge: Dodged            |    88 |   104 |   212 |   214 |   311 |   531 |   685 |   600 |   343 ||  3088
  Block: Buckler           |       |    33 |    75 |    12 |   325 |   703 |  1199 |   950 |   393 ||  3690
         Tower shield      |       |       |       |   577 |   213 |       |       |       |   451 ||  1241
         Reflection        |       |       |       |       |       |       |    60 |    36 |    17 ||   113
         Other             |       |       |       |       |       |       |       |       |     1 ||     1
Riposte: Broad axe         |       |       |       |       |       |       |       |   210 |   301 ||   511

Table legend: (Time is in decaauts)
 A = Elapsed time spent in this place.
 B = Non-inter-level travel time spent in this place.
 C = Inter-level travel time spent in this place.
 D = Time resting spent in this place.
 E = Time spent auto-exploring this place.
 F = Levels seen in this place.
 G = Mean time per level.
                   A        B        C        D        E       F      G
               +--------+--------+--------+--------+--------+-----+--------+
         Total |  58857 |  54150 |   4707 |   6119 |  34882 |  50 | 1177.1 |
       Dungeon |  16693 |  14523 |   2170 |   1901 |   9229 |  15 | 1112.9 |
          Lair |   6589 |   6150 |    439 |    317 |   4578 |   5 | 1317.8 |
        Shoals |   5192 |   5032 |    160 |    399 |   3547 |   4 | 1298.0 |
     Snake Pit |   7302 |   6934 |    368 |   1488 |   4104 |   4 | 1825.5 |
  Orcish Mines |   1620 |   1518 |    102 |    244 |    891 |   2 |  810.0 |
        Vaults |   9160 |   8317 |    843 |    491 |   5684 |   5 | 1832.0 |
        Depths |   4078 |   3886 |    192 |     83 |   2804 |   4 | 1019.5 |
           Zot |   6054 |   5623 |    431 |   1161 |   2881 |   5 | 1210.8 |
         Abyss |    298 |    298 |      0 |      0 |      0 |   1 |  298.0 |
        Bazaar |     58 |     58 |      0 |      0 |     28 |   1 |   58.0 |
    Desolation |   1748 |   1748 |      0 |     33 |   1134 |   1 | 1748.0 |
         Arena |     61 |     61 |      0 |      0 |      0 |   3 |   20.3 |
               +--------+--------+--------+--------+--------+-----+--------+

Top non-repeatable levels by time:
 Snake:3: 2504 daAuts
    D:13: 2415 daAuts
Vaults:3: 2137 daAuts
    D:10: 2058 daAuts
Vaults:2: 1976 daAuts
Vaults:4: 1947 daAuts
 Snake:4: 1934 daAuts
Vaults:5: 1794 daAuts
Desolation: 1748 daAuts
  Lair:5: 1694 daAuts
Shoals:4: 1669 daAuts
   Zot:5: 1580 daAuts
  Lair:2: 1477 daAuts
   Zot:3: 1455 daAuts
 Snake:2: 1448 daAuts
